 Dungeon Crawl Stone Soup version 0.19-a0-1704-gbd66c22 (webtiles) character file.

9652 kae the Basher (level 11, -3/75 HPs)
             Began as a Demonspawn Abyssal Knight on Sept 26, 2016.
             Was a High Priest of Lugonu.
             Slain by a yak (13 damage)
             ... led by a torpor snail
             ... on level 1 of the Lair of Beasts on Sept 27, 2016.
             The game lasted 00:19:57 (14256 turns).

kae the Basher (Demonspawn Abyssal Knight)         Turns: 14256, Time: 00:19:58

Health: -3/75      AC: 11    Str: 15    XL:     11   Next: 25%
Magic:  20/20      EV: 12    Int: 14    God:    Lugonu [*****.]
Gold:   553        SH:  0    Dex: 13    Spells: 0 memorised, 10 levels left

rFire  . . .     SeeInvis .     z - +1 flail (crush)
rCold  . . .     Gourm    .     l - +0 scale mail
rNeg   . . .     Faith    .     (no shield)
rPois  .         Spirit   .     (no helmet)
rElec  .         Dismiss  .     L - +0 cloak
rCorr  .         Reflect  .     N - +0 pair of gloves
MR     +....     Harm     .     p - +0 pair of boots
Stlth  ++........               (no amulet)
                                b - ring of the Scavenger {MR+ Stlth+}
                                e - +3 ring of evasion

@: no status effects
A: claws 2, talons 2, nightstalker 1, spiny 2
a: Depart the Abyss, Bend Space, Banish, Corrupt, Enter the Abyss, Renounce
Religion


You were on level 1 of the Lair of Beasts.
You worshipped Lugonu.
Lugonu was extremely pleased with you.
You were very hungry.

You visited 2 branches of the dungeon, and saw 12 of its levels.
You visited the Abyss 1 time.
You also visited: Sewer.

You collected 553 gold pieces.

Inventory:

Hand Weapons
 a - a +2 mace
 y - a +0 whip of pain
 z - a +1 flail of crushing (weapon)
Armour
 l - a +0 scale mail (worn)
 p - a +0 pair of boots (worn)
 L - a +0 cloak (worn)
 N - a +0 pair of gloves (worn)
Jewellery
 b - the ring of the Scavenger (right hand) {MR+ Stlth+}
   (You found it on level 6 of the Dungeon)

   [ring of protection from magic]

   It affects your resistance to hostile enchantments.
   It makes you more stealthy.
 e - a +3 ring of evasion (left hand)
 f - an uncursed ring of wizardry
 E - an uncursed ring of flight {unknown}
 K - an uncursed ring of flight {unknown}
Wands
 t - a wand of hasting (3/9)
Scrolls
 d - 2 scrolls of enchant armour {unknown}
 g - 6 scrolls of remove curse
 n - a scroll of fear
 o - 4 scrolls of magic mapping
 q - a scroll of holy word {unknown}
 v - 2 scrolls of recharging
 x - 2 scrolls of enchant weapon
 C - a scroll of blinking
 G - 2 scrolls of amnesia {unknown}
 H - 5 scrolls of identify
 M - a scroll of silence {unknown}
 O - 2 scrolls of teleportation
Potions
 r - 2 potions of magic
 s - 6 potions of mutation
 u - 2 potions of lignification {unknown}
 w - a potion of heal wounds
 A - 3 potions of curing
 B - 4 potions of brilliance
 D - a potion of flight
 F - a potion of haste
Books
 k - a book of Geomancy

   Spells                             Type                      Level
   a - Sandblast                      Earth                        1
   b - Passwall                       Transmutation/Earth          2
   c - Stone Arrow                    Conjuration/Earth            3
   d - Petrify                        Transmutation/Earth          4
   e - Lee's Rapid Deconstruction     Earth                        5
 I - a Fen Folio

   Spells                             Type                      Level
   a - Corpse Rot                     Necromancy                   2
   b - Stone Arrow                    Conjuration/Earth            3
   c - Leda's Liquefaction            Hexes/Earth                  4
   d - Summon Forest                  Summoning/Translocation      5
   e - Hydra Form                     Transmutation                6
   f - Summon Hydra                   Summoning                    7
 Q - a book of Transfigurations

   Spells                             Type                      Level
   a - Irradiate                      Conjuration/Transmutation    5
   b - Statue Form                    Transmutation/Earth          6
   c - Hydra Form                     Transmutation                6
   d - Dragon Form                    Transmutation                7
Comestibles
 c - 4 bread rations
 h - 3 slices of pizza
 i - 6 fruits
 j - 8 meat rations
 m - 2 royal jellies
 J - a beef jerky


   Skills:
 + Level 3.5 Fighting
 * Level 13.0 Maces & Flails
 + Level 2.8 Armour
 - Level 0.8 Dodging
 - Level 12.6 Invocations


You had 10 spell levels left.
You didn't know any spells.

Dungeon Overview and Level Annotations

Branches:
Dungeon (10/15)            Temple (0/1) D:5            Lair (2/6) D:9
    Orc (0/2) D:9
  Swamp: Lair:2-4    Shoals: Lair:2-4     Snake: Lair:2-4    Spider: Lair:2-4

Altars:
Ashenzari
Cheibriados
Dithmenos
Gozag
Hepliaklqana
Kikubaaqudgha
Nemelex Xobeh
Ru
Vehumet

Annotations:
D:4 st0uf's ghost, amateur DsFi


Innate Abilities, Weirdness & Mutations

You have very sharp fingernails.
You have razor-sharp toenails.
You are slightly more attuned to the shadows.
You are mostly covered in sharp spines.


Message History

The yak gores you but does no damage.
You thump the yak!
You kill the yak!
Lugonu accepts your kill.
You closely miss the yak.
The yak is lightly wounded.
The yak barely misses you.
You hit the yak.
The yak is lightly wounded.
You barely miss the yak.
The yak is lightly wounded.
The yak barely misses you.
You hit the yak.
The yak is moderately wounded.
The yak is struck by your spines. The yak gores you.
* * * LOW HITPOINT WARNING * * *
You barely miss the yak.
The yak is severely wounded.
The yak gores you!
You die...

## #....##..## .#
##...###.# .##
#....##.#
..#####....#.##
...#.#P.....#.#####
....###...#####.#.#
Y.......### ##.##
##.##Y..## #..#
######..P# #@##
#...## #Y# #
##..### #.#
######....### #.#
.#P##.......####.#
........##.YY....#
........#####..###
.......## #..#
......## ##.##


You could see a yak.

Vanquished Creatures
  Erolcha (D:9)
  Maurice (D:9)
  Joseph (D:9)
  A spiny frog (Lair:1)
  The ghost of Charly the Covert, a novice SpEn of Ashenzari (D:7)
  3 hippogriffs
  2 yaks (Lair:1)
  Eustachio (D:6)
  A steam dragon (D:9)
  Grum (D:9)
  Edmund (D:6)
  3 wargs
  A water moccasin (Lair:1)
  3 ice beasts
  3 phantoms
  A sky beast (D:9)
  4 orc warriors
  2 ogres
  3 centaurs
  7 wolves
  2 crocodiles
  4 big kobolds
  Blork the orc (D:6)
  5 bullfrogs
  A wyvern zombie (D:10)
  4 scorpions
  11 killer bees (D:10)
  9 wights (D:8)
  3 crimson imps
  2 centaur zombies
  3 orc priests
  4 hounds
  4 jellies
  3 bullfrog skeletons
  4 iguanas
  Jessica (D:2)
  Ijyb (D:2)
  13 orc wizards
  9 worker ants
  3 hound skeletons
  Robin (D:2)
  4 gnolls (D:7)
  A howler monkey skeleton (D:6)
  14 adders
  6 river rats (Lair:1)
  3 shadow imps
  An ooze (D:2)
  2 adder skeletons
  2 worms (D:2)
  7 dart slugs
  2 leopard geckos (D:2)
  52 orcs
  9 bats
  9 giant cockroaches
  10 hobgoblins
  9 jackals
  20 kobolds
  3 quokkas
  A ball python (D:3)
  8 frilled lizards
  15 goblins
  2 leopard gecko skeletons
  A leopard gecko zombie (D:5)
  2 quokka skeletons
  12 rats
324 creatures vanquished.

Vanquished Creatures (others)
  A spiny frog (Lair:1)
  2 orc warriors
  3 fungi (Lair:1)
6 creatures vanquished.

Grand Total: 330 creatures vanquished

Notes
Turn   | Place    | Note
-------+----------+-------------------------------------------
     0 | Abyss:1  | kae the Demonspawn Abyssal Knight began the quest for the Orb.
     0 | Abyss:1  | Reached XP level 1. HP: 18/18 MP: 2/2
   131 | Abyss:1  | Noticed a large abomination
   141 | Abyss:1  | Noticed a thrashing horror
   145 | D:1      | Escaped the Abyss
   294 | D:1      | Reached skill level 2 in Maces & Flails
   365 | D:1      | Reached * piety under Lugonu
   378 | D:1      | Gained mutation: You are partially covered in sharp spines. [demonic ancestry]
   378 | D:1      | Reached XP level 2. HP: 21/24 MP: 4/4
   820 | D:2      | Gained mutation: You have sharp fingernails. [demonic ancestry]
   820 | D:2      | Reached XP level 3. HP: 24/29 MP: 5/5
   851 | D:2      | Noticed Jessica
   857 | D:2      | Killed Jessica
   857 | D:2      | Reached skill level 3 in Maces & Flails
   862 | D:2      | Noticed Ijyb
   875 | D:2      | Killed Ijyb
   875 | D:2      | Gained mutation: You have sharp toenails. [demonic ancestry]
   875 | D:2      | Reached XP level 4. HP: 28/35 MP: 6/6
  1097 | D:2      | Reached ** piety under Lugonu
  1120 | D:2      | Noticed Robin
  1146 | D:2      | Killed Robin
  1317 | D:2      | Reached skill level 4 in Maces & Flails
  1501 | D:2      | Reached XP level 5. HP: 36/41 MP: 8/8
  1702 | D:2      | Found an ancient bone altar of Kikubaaqudgha.
  1702 | D:2      | Found a radiant altar of Vehumet.
  2315 | D:3      | Reached *** piety under Lugonu
  2412 | D:3      | Found an opulent altar of Gozag.
  2798 | D:4      | Noticed st0uf's ghost (amateur DsFi)
  3176 | D:4      | Reached skill level 5 in Invocations
  3176 | D:4      | Reached XP level 6. HP: 44/47 MP: 9/9
  3741 | D:3      | Upgraded the game from 0.19-a0-1697-g0595f0e to 0.19-a0-1704-gbd66c22
  3756 | D:3      | Reached skill level 5 in Maces & Flails
  4030 | D:5      | Entered Level 5 of the Dungeon
  4058 | D:5      | Found a staircase to the Ecumenical Temple.
  4203 | D:5      | Gained mutation: You are slightly more attuned to the shadows. [demonic ancestry]
  4203 | D:5      | Reached XP level 7. HP: 25/52 MP: 11/11
  4272 | D:5      | Reached skill level 6 in Maces & Flails
  4334 | D:5      | Found a glowing drain.
  4342 | Sewer    | Entered a sewer
  4439 | Sewer    | Reached **** piety under Lugonu
  5128 | D:5      | Reached skill level 7 in Maces & Flails
  5184 | D:5      | Found a hazy altar of Hepliaklqana.
  5458 | D:6      | Noticed Blork the orc
  5470 | D:6      | Killed Blork the orc
  5470 | D:6      | Gained mutation: You have razor-sharp toenails. [demonic ancestry]
  5470 | D:6      | Reached XP level 8. HP: 58/58 MP: 13/13
  5483 | D:6      | Noticed Edmund
  5492 | D:6      | Killed Edmund
  5533 | D:6      | Found a shattered altar of Ashenzari.
  5543 | D:6      | Found a sparkling altar of Nemelex Xobeh.
  5577 | D:6      | Got a sparkling lead ring
  5675 | D:6      | Noticed Eustachio
  5698 | D:6      | Killed Eustachio
  5698 | D:6      | Reached skill level 8 in Maces & Flails
  6142 | D:6      | Found a sacrificial altar of Ru.
  6393 | D:7      | Identified the ring of the Scavenger {MR+ Stlth+} (You found it on level 6 of the Dungeon)
  6744 | D:7      | Reached skill level 9 in Maces & Flails
  6748 | D:7      | Reached XP level 9. HP: 40/63 MP: 15/15
  7256 | D:7      | Noticed Charly's ghost (novice SpEn)
  7260 | D:7      | Killed Charly's ghost
  7461 | D:8      | Reached ***** piety under Lugonu
  7548 | D:8      | Reached skill level 10 in Invocations
  7764 | D:8      | Reached skill level 10 in Maces & Flails
  8074 | D:8      | Found a snail-covered altar of Cheibriados.
  8074 | D:8      | Found a shadowy altar of Dithmenos.
  8594 | D:9      | Found a staircase to the Orcish Mines.
  8975 | D:9      | Noticed Grum
  9040 | D:9      | Noticed Joseph
  9047 | D:9      | Killed Joseph
  9049 | D:9      | Gained mutation: You are mostly covered in sharp spines. [demonic ancestry]
  9049 | D:9      | Reached XP level 10. HP: 70/70 MP: 18/18
  9060 | D:9      | Reached skill level 11 in Maces & Flails
  9588 | D:9      | Killed Grum
 10219 | D:9      | Noticed Maurice
 10229 | D:9      | Killed Maurice
 10266 | D:9      | Noticed Erolcha
 10286 | D:9      | Killed Erolcha
 10286 | D:9      | Reached skill level 12 in Maces & Flails
 10420 | D:9      | Found a staircase to the Lair.
 10446 | D:9      | You fall through a shaft!
 10446 | D:10     | Entered Level 10 of the Dungeon
 12240 | D:10     | Gained mutation: You have very sharp fingernails. [demonic ancestry]
 12240 | D:10     | Reached XP level 11. HP: 63/75 MP: 20/20
 12736 | Lair:1   | Entered Level 1 of the Lair of Beasts
 12897 | Lair:1   | Found a labyrinth entrance.
 14246 | Lair:1   | Reached skill level 13 in Maces & Flails
 14256 | Lair:1   | Slain by a yak

Vault maps used:
D:1:      kennysheep_arrival_seaside
D:2:      gammafunk_temple_overflow_statue, uniq_jessica, uniq_robin, uniq_iyjb
D:3:      nicolae_gozag_cash_rules_everything_around_me, first_bread
D:5:      kennysheep_little_box, lightli_sewer_entry_pipes
D:6:      lemuel_round_altar, nemelex_xobeh_ov_fountains_minmay,
          nicolae_ru_great_annihilating_truth, uniq_eustachio,
          uniq_blork_the_orc, uniq_edmund
D:7:      hex_tiny
D:8:      gammafunk_temple_overflow_pools
D:9:      lair_0_dummy, minmay_orc_entry_guard_dogs, serial_glass,
          glass_columns_a, glass_columns_b, glass_columns_b, glass_columns_a,
          glass_columns_c, glass_columns_a, minmay_strange_pillars, uniq_joseph,
          uniq_grum, uniq_erolcha, uniq_maurice
Lair:1:   lab_entry_generic
Lair:2:   beast_lair_carwin_3
Sewer:    kennysheep_pipe_town

Skill      XL: |  1  2  3  4  5  6  7  8  9 10 11 |
---------------+----------------------------------+-----
Maces & Flails | 2 3 4 5 7 9 10 12 13 | 13.0
Invocations    | 3 4 5 6 7 9 10 12 | 12.6
Armour         | 2 |  2.8
Fighting       | |  3.5
Dodging        | |  0.8

Action                   |  1- 3 |  4- 6 |  7- 9 | 10-12 || total
-------------------------+-------+-------+-------+-------++-------
Melee: Mace              |    65 |   197 |    57 |       ||   319
       Kick              |       |    29 |       |       ||    29
       Flail             |       |       |   317 |   317 ||   634
Invok: Depart the Abyss  |     1 |       |       |       ||     1
       Bend Space        |       |     1 |       |     4 ||     5
       Banish            |       |       |     2 |     1 ||     3
  Use: Potion            |       |     4 |     4 |     5 ||    13
       Scroll            |       |    14 |     6 |     1 ||    21
 Stab: Invisible         |       |     2 |     1 |       ||     3
       Sleeping          |       |       |     5 |       ||     5
       Paralysed         |       |       |     1 |       ||     1
       Distracted        |       |       |     1 |       ||     1
  Eat: Chunk             |       |    11 |    17 |    15 ||    43
       Fruit             |       |       |       |     1 ||     1
Armor: Leather armour    |    26 |    37 |    14 |       ||    77
       Scale mail        |       |       |    71 |    82 ||   153
Dodge: Dodged            |    41 |   117 |   204 |   161 ||   523
